 Dungeon Crawl Stone Soup version 0.31-a0-115-g4708a659fe (webtiles) character file.

Game seed: 14938823654562792717

173315 AlmostDecent the Luminary of Lethal Lore (level 18, -10/141 HPs)
             Began as a Gnoll Earth Elementalist on May 28, 2023.
             Was the Champion of Vehumet.
             Killed from afar by a salamander tyrant (38 damage)
             ... with a flame surge
             ... on level 4 of the Snake Pit on May 29, 2023.
             The game lasted 02:59:22 (30681 turns).

AlmostDecent the Luminary of Lethal Lore (GnEE)    Turns: 30681, Time: 02:59:23

Health: -10/141    AC: 21    Str:  9    XL:     18   Next: 5%
Magic:  4/35       EV: 16    Int: 23    God:    Vehumet [******]
Gold:   2940       SH:  0    Dex: 16    Spells: 11/43 levels left

rFire   . . .        K - +8 trident of the Octopus King {venom, rElec rPois}
rCold   . . .        p - sphere of Battle
rNeg    . . .        k - +5 ring mail
rPois   +            l - +0 helmet
rElec   +            G - +2 cloak
rCorr   .            i - +0 pair of gloves of Chimes {*Slow Int+5}
SInv    .            c - +0 pair of boots
Will    +....        w - amulet of regeneration
Stlth   +++++        b - ring of wizardry
HPRegen 1.23/turn    j - ring of wizardry
MPRegen 0.24/turn

%: slow self (1%), wizardry (x2)
@: lethally poisoned (-10 -> -10), weakened
A: fangs 1, strong nose, distributed training
a: Renounce Religion


You were on level 4 of the Snake Pit.
You worshipped Vehumet.
Vehumet was exalted by your worship.
You visited 5 branches of the dungeon, and saw 27 of its levels.
You also visited: Gauntlet.

You collected 3975 gold pieces.
You spent 1035 gold pieces at shops.

Inventory:

Hand Weapons
 K - the +8 trident of the Octopus King (weapon) {venom, rElec rPois}
   (You found it on level 1 of the Lair of Beasts)

   rElec:     It insulates you from electricity.
   rPois:     It protects you from poison.
Missiles
 d - 4 throwing nets
Armour
 c - a +0 pair of boots (worn)
 i - the +0 pair of gloves of Chimes (worn) {*Slow Int+5}
   (You found it on level 2 of the Dungeon)

   Int:       It affects your intelligence (+5).
   *Slow:     It may slow you when you take damage.
 k - a +5 ring mail (worn)
 l - a +0 helmet (worn)
 p - the sphere of Battle (worn)
   (You found it on level 12 of the Dungeon)

   It enhances your destructive magic.
   It weakens your non-destructive magic.
   It summons a battlesphere in combat, with strength depending on Conjurations
   skill.
 A - the scarf "Uleux" {repulsion, -Tele Str+4 SInv}
   (You found it in a Gauntlet)

   Str:       It affects your strength (+4).
   SInv:      It lets you see invisible.
   -Tele:     It prevents most forms of teleportation.
 G - a +2 cloak (worn)
 Y - the +5 Storm Queen's Shield {shock, Fly rElec}
   (You found it on level 12 of the Dungeon)

   Shock:     When it blocks an attack, it may electrocute the attacker.
   This works even against foes who are a short distance away.
   rElec:     It insulates you from electricity.
   Fly:       It grants you flight.
Magical Staves
 x - a staff of air
Jewellery
 b - a ring of wizardry (left hand)
 e - a +4 ring of slaying
 j - a ring of wizardry (right hand)
 w - an amulet of regeneration (around neck)
 y - a ring of see invisible
 H - the amulet "Raptite" {Reflect Str+2 Int-2 Dex+4 Slay+2 SH+5}
   (You took it off a minotaur in a Gauntlet)

   [amulet of reflection]

   It reflects blocked missile attacks.
   Str:       It affects your strength (+2).
   Int:       It affects your intelligence (-2).
   Dex:       It affects your dexterity (+4).
   Slay:      It affects your accuracy & damage with ranged weapons and melee
   (+2).
   SH:        It affects your SH (+5).
Wands
 o - a wand of polymorph (4)
 D - a wand of light (5)
 E - a wand of iceblast (6)
 J - a wand of mindburst (13)
 O - a wand of charming (9)
Scrolls
 a - a scroll of brand weapon
 g - 7 scrolls of teleportation
 r - 2 scrolls of magic mapping
 u - 5 scrolls of identify
 I - 4 scrolls of fog
 Q - a scroll of enchant armour
 T - a scroll of summoning
 U - 2 scrolls of fear
 V - a scroll of amnesia
 W - a scroll of poison
 X - a scroll of enchant weapon
Potions
 h - 4 potions of invisibility
 m - a potion of haste
 s - 3 potions of mutation
 t - 4 potions of enlightenment
 v - a potion of magic
 z - 4 potions of ambrosia
 C - a potion of resistance
 L - 3 potions of lignification
 M - 6 potions of brilliance
 P - a potion of cancellation
 Z - 3 potions of might
Miscellaneous
 N - a lightning rod (4/4)


   Skills:
 + Level 12.5 Fighting
 + Level 12.5 Short Blades
 + Level 12.5 Long Blades
 + Level 12.5 Axes
 + Level 12.5 Maces & Flails
 + Level 12.5 Polearms
 + Level 12.5 Staves
 + Level 12.5 Ranged Weapons
 + Level 12.5 Throwing
 + Level 12.5 Armour
 + Level 13.3 Dodging
 + Level 13.1 Stealth
 + Level 12.5 Shields
 + Level 12.5 Unarmed Combat
 + Level 13.4 Spellcasting
 + Level 10.6 Conjurations
 + Level 10.6 Hexes
 + Level 10.6 Summonings
 + Level 10.6 Necromancy
 + Level 10.6 Translocations
 + Level 10.8 Transmutations
 + Level 10.6 Fire Magic
 + Level 10.6 Ice Magic
 + Level 10.6 Air Magic
 + Level 11.9 Earth Magic
 + Level 10.6 Poison Magic
 + Level 13.5 Invocations
 + Level 12.5 Evocations


You had 11 spell levels left.
You knew the following spells:

 Your Spells              Type           Power      Damage    Failure   Level
a - Sandblast             Erth           100%       2d20      1%          1
b - Stone Arrow           Conj/Erth      100%       3d13      1%          3
c - Olgreb's Toxic Radia  Pois           77%        N/A       1%          4
d - Iskenderun's Mystic   Conj/Tloc      77%        2d15      1%          4
e - Volatile Blastmotes   Fire/Tloc      100%       2d18      1%          3
f - Arcjolt               Conj/Air       38%        1d48      1%          5
g - Freezing Cloud        Conj/Ice/Air   38%        6-21      1%          5
h - Orb of Destruction    Conj           38%        9d11      11%         7

Your spell library contained the following spells:

 Spells                   Type           Power      Damage    Failure   Level
 Ignition                 Fire           38%        3d11      52%         8
 Chain Lightning          Conj/Air       38%        3d51      99%         9
 Fire Storm               Conj/Fire      38%        8d10      99%         9
 Sting                    Tmut/Pois      100%       1d8       1%          1
 Summon Small Mammal      Summ           100%       N/A       1%          1
 Ensorcelled Hibernation  Hex/Ice        64%        N/A       1%          2
 Passwall                 Tmut/Erth      27%        N/A       1%          2
 Poisonous Vapours        Pois/Air       100%       N/A       1%          2
 Sublimation of Blood     Necr           32%        N/A       1%          2
 Wereblood                Tmut           32%        N/A       1%          2
 Call Canine Familiar     Summ           32%        N/A       1%          3
 Spider Form              Tmut/Pois      32%        N/A       1%          3
 Summon Guardian Golem    Hex/Summ       32%        N/A       1%          3
 Anguish                  Hex/Necr       16%        N/A       1%          4
 Cause Fear               Hex            16%        N/A       1%          4
 Petrify                  Tmut/Erth      33%        N/A       1%          4
 Alistair's Intoxication  Tmut/Pois      21%        N/A       1%          5
 Borgnjor's Vile Clutch   Necr/Erth      16%        N/A       1%          5
 Eringya's Noxious Bog    Tmut/Pois      38%        N/A       1%          6
 Statue Form              Tmut/Erth      22%        N/A       3%          6
 Dragon Form              Tmut           16%        N/A       21%         7
 Enfeeble                 Hex            16%        N/A       24%         7
 Summon Hydra             Summ           16%        N/A       24%         7
 Lehudib's Crystal Spear  Conj/Erth      39%        10d10     45%         8
 Dragon's Call            Summ           16%        N/A       100%        9


Dungeon Overview and Level Annotations

Branches:
Dungeon (15/15)            Temple (1/1) D:7            Lair (5/5) D:10
 Shoals (0/4) Lair:3        Snake (4/4) Lair:2        Slime (0/5) Lair:4
    Orc (2/2) D:9             Elf (0/3) Orc:2        Vaults (0/5) D:14
 Depths (0/4) D:15        Gauntlet (visited)

Altars:
Ashenzari
Cheibriados
Dithmenos
Elyvilon
Fedhas
Gozag
Hepliaklqana
Kikubaaqudgha
Makhleb
Nemelex Xobeh
Okawaru
Qazlal
Ru
Sif Muna
Trog
Uskayaw
Vehumet
Wu Jian
Xom
Yredelemnul
Zin
The Shining One

Shops:
D:2 =   D:4 (   Orc:2 *(?(*   Snake:2 (

Annotations:
D:11 2 transporters, puppykicker's ghost, journeyman TeWr
D:14 3 runed translucent doors, Xanau's ghost, journeyman FoFi
Lair:1 3 runed translucent doors, Ybiy's ghost, journeyman TrFi
Lair:3 3 runed translucent doors, GonguanaGonguana's ghost, journeyman MeEE; Jeffwins's ghost, journeyman OpWn
Snake:1 2 transporters, Monarks's ghost, adept AtMo


Innate Abilities, Weirdness & Mutations

You have very sharp teeth.
Your uncanny sense of smell can sniff out nearby items.
Your experience applies equally to all skills.


Message History

Casting: Sandblast (safe; 1% risk of failure)
Confirm with . or Enter, or press ? or * to list all spells.
Aiming: Sandblast (safe; 1% risk of failure)
Press: ? - help, Shift-Dir - straight line, f/p - nagaraja
Aim: a nagaraja, wielding a +0 flail and wearing a +0 robe (freezing vapour, moderately wounded, fast, 85% to hit)
You feel a surge of power!
The blast of sand misses the nagaraja.
You feel very sick.
Your battlesphere fires!
The barrage of energy hits the nagaraja!
The nagaraja is moderately wounded.
The nagaraja is engulfed in freezing vapours.
The nagaraja hits your battlesphere with a +0 flail!!
Your battlesphere is destroyed!
The nagaraja is engulfed in freezing vapours.
The naga warrior roars a battlecry!
The nagas go into a battle-frenzy!
The salamander tyrant is engulfed in freezing vapours.
You hear a shout! x4
Casting: Sandblast (safe; 1% risk of failure)
Confirm with . or Enter, or press ? or * to list all spells.
Aiming: Sandblast (safe; 1% risk of failure)
Press: ? - help, Shift-Dir - straight line, f/p - nagaraja
Aim: a nagaraja, wielding a +0 flail and wearing a +0 robe (magical condensation, heavily wounded, fast, strong, 85% to hit)
You feel a surge of power!
The blast of sand hits the nagaraja!
The nagaraja is severely wounded.
You conjure a globe of magical energy.
You feel very sick.
The naga mage no longer looks unusually strong.
The nagaraja spits poison at you.
The splash of poison hits you but does no damage.
You resist. The naga warrior spits poison at you.
The splash of poison misses you. The nagaraja casts a spell at you.
You barely resist.
A naga sharpshooter comes into view.
It is wielding a +0 morningstar of protection.
The salamander tyrant is engulfed in freezing vapours.
The salamander tyrant calls gouts of flame from the lava!
The flame surge hits you!!!
You die...

,,,,,,*,,...........#*,,,,* #≈§≈≈
,,,,,,*,,..#.N.°....#,.),** #≈§≈≈
,,,,,,*,,...§N...§..#N..,* #≈≈§≈
**,,,∆*,,...N§§NN§..)).#** #§≈≈≈
******,,....§§§☼☼..#*** #≈§≈§
***...##§§N############≈≈§§
####### **.#≈§§§N≈§≈§≈≈§≈≈≈≈≈≈≈§§
......###..##§§≈)≈≈≈§≈≈≈≈≈§≈§≈≈..
..........#*###≈@*≈§§§≈§§≈≈≈≈≈≈.#
.......#### ##...).§..##.##§..#
.......# #######...........##...#
####.†.# #...............#**#...#
#...# #...............# #####
#...# #..........)..[)#### #[.
#...# #.[........).).)).^###.#
#...###..........##'#.)(['[...
#).....).........##.#....###..


You could see a nagaraja (fast, strong), 2 naga warriors, a naga sharpshooter
(strong), a salamander tyrant (strong), a salamander (strong), a naga mage
(fast) and a friendly battlesphere.

Vanquished Creatures
  Mara (Snake:3)
  A nagaraja (Snake:3)
  The ghost of sirJeffrey23 the Hoplite, an adept GrFi of Qazlal (Snake:3)
  Kirke (D:15)
  A minotaur (Gauntlet)
  2 dire elephants (Lair:5)
  Snorg (Orc:2)
  Fannar (D:10)
  A great orb of eyes (D:12)
  The ghost of edwardauron the Geomancer, a journeyman DrEE of Cheibriados (D:10)
  Harold (D:10)
  2 salamander tyrants
  4 ogre magi
  A death knight (D:14)
  4 catoblepae
  8 anacondas
  2 tengu warriors
  12 two-headed ogres
  4 hydras
  3 centaur warriors
  A boulder beetle (D:13)
  8 naga warriors
  3 shock serpents
  17 death yaks
  An orc high priest (Orc:1)
  7 naga sharpshooters
  A skyshark (Lair:4)
  3 sixfirhies (Gauntlet)
  2 skeletal warriors (D:15)
  5 salamander mystics (Snake:4)
  2 deep trolls (Orc:2)
  A glowing orange brain (D:15)
  A death drake (shapeshifter) (D:15)
  5 naga ritualists
  A deep elf archer (D:13)
  2 lindwurms (Lair:5)
  2 orc knights
  2 deep elf pyromancers (D:14)
  5 mana vipers
  A wolf spider (D:12)
  An oklob plant (Lair:4)
  10 ugly things
  6 manticores
  2 moths of wrath (Gauntlet)
  12 cyclopes
  A manticore (shapeshifter) (D:14)
  18 salamanders
  13 naga magi
  25 elephants
  32 black mambas
  Joseph (D:7)
  Maurice (D:10)
  4 merfolk sirens (Lair:3)
  3 guardian serpents
  11 cane toads
  A cane toad (shapeshifter) (D:13)
  4 rime drakes
  9 komodo dragons
  An unseen horror (D:13)
  A kobold demonologist (D:10)
  An efreet (D:15)
  2 freezing wraiths
  A spectral unseen horror (D:10)
  An unseen horror skeleton (D:10)
  4 tengu conjurers (D:12)
  A meliai (shapeshifter) (D:13)
  15 trolls
  2 polar bears (Lair:5)
  2 hornets
  14 blink frogs
  A tarantella (shapeshifter) (D:14)
  5 dream sheep (Lair:5)
  A meliai zombie (D:10)
  17 slime creatures
  2 shadows (D:10)
  Sigmund (D:3)
  95 yaks
  4 wraiths
  2 vampires (D:12)
  4 wyverns
  3 hogs (D:15)
  5 basilisks
  A vampire mosquito (D:14)
  3 water elementals (D:14)
  A steam dragon (D:9)
  3 humans
  2 redbacks (Gauntlet)
  Menkaure (D:4)
  3 wargs
  4 acid dragons
  15 water moccasins
  36 nagas
  29 orc warriors
  2 ice beasts
  A sky beast (D:7)
  23 ogres
  13 wolves
  13 centaurs
  A phantom (D:5)
  Blork the orc (D:6)
  2 kobold brigands (D:8)
  16 bullfrogs
  5 scorpions
  2 gnoll sergeants
  6 killer bees (D:9)
  2 electric eels (Lair:4)
  4 howler monkeys
  A hound (D:4)
  3 jellies
  23 orc priests
  A centaur skeleton (D:10)
  2 iguanas (D:5)
  20 orc wizards
  Robin (D:3)
  10 adders
  23 gnolls
  A howler monkey skeleton (D:10)
  A shadow imp (D:7)
  2 white imps
  2 ufetubi
  5 dart slugs
  91 orcs
  8 endoplasms
  2 giant cockroaches
  15 goblins
  4 hobgoblins
  4 jackals
  5 quokkas
  4 ball pythons
  3 bats
  4 frilled lizards
  18 kobolds
  A rat (D:1)
904 creatures vanquished.

Vanquished Creatures (collateral kills)
  2 skeletal warriors (D:15)
2 creatures vanquished.

Vanquished Creatures (others)
  A naga mage (Snake:4)
1 creature vanquished.

Grand Total: 907 creatures vanquished

Notes
Turn   | Place    | Note
-------+----------+-------------------------------------------
     0 | D:1      | AlmostDecent the Gnoll Earth Elementalist began the quest
                  | for the Orb.
     0 | D:1      | Reached XP level 1. HP: 13/13 MP: 6/6
   251 | D:1      | Reached XP level 2. HP: 18/20 MP: 4/7
   941 | D:2      | Reached skill level 5 in Spellcasting
   941 | D:2      | Reached XP level 3. HP: 25/25 MP: 6/9
  1015 | D:2      | Found a sacrificial altar of Ru.
  1093 | D:2      | Reached skill level 1 in Invocations
  1094 | D:2      | Reached skill level 1 in Fighting
  1094 | D:2      | Reached skill level 1 in Short Blades
  1094 | D:2      | Reached skill level 1 in Long Blades
  1094 | D:2      | Reached skill level 1 in Axes
  1094 | D:2      | Reached skill level 1 in Maces & Flails
  1094 | D:2      | Reached skill level 1 in Polearms
  1094 | D:2      | Reached skill level 1 in Staves
  1094 | D:2      | Reached skill level 1 in Ranged Weapons
  1094 | D:2      | Reached skill level 1 in Throwing
  1094 | D:2      | Reached skill level 1 in Armour
  1094 | D:2      | Reached skill level 1 in Shields
  1094 | D:2      | Reached skill level 1 in Unarmed Combat
  1094 | D:2      | Reached skill level 1 in Evocations
  1096 | D:2      | Reached XP level 4. HP: 20/32 MP: 3/11
  1170 | D:2      | Found Olle's One-of-a-Kind Rings.
  1197 | D:2      | Identified the +0 pair of gloves of Chimes {*Slow Int+5}
  1525 | D:3      | Noticed Robin
  1543 | D:3      | Reached skill level 1 in Conjurations
  1543 | D:3      | Reached skill level 1 in Hexes
  1543 | D:3      | Reached skill level 1 in Summonings
  1543 | D:3      | Reached skill level 1 in Necromancy
  1543 | D:3      | Reached skill level 1 in Translocations
  1543 | D:3      | Reached skill level 1 in Fire Magic
  1543 | D:3      | Reached skill level 1 in Ice Magic
  1543 | D:3      | Reached skill level 1 in Air Magic
  1543 | D:3      | Reached skill level 1 in Poison Magic
  1543 | D:3      | Killed Robin
  1682 | D:3      | Noticed Sigmund
  1685 | D:3      | Killed Sigmund
  1686 | D:3      | Reached XP level 5. HP: 37/38 MP: 8/12
  1686 | D:3      | Reached XP level 6. HP: 43/44 MP: 9/14
  1691 | D:3      | Reached skill level 5 in Dodging
  2063 | D:3      | Found a shadowy altar of Dithmenos.
  2088 | D:3      | Found an ancient bone altar of Kikubaaqudgha.
  2585 | D:4      | Found Toem's Weapon Shoppe.
  2588 | D:4      | Noticed Menkaure
  2592 | D:4      | Killed Menkaure
  2593 | D:4      | Reached XP level 7. HP: 32/51 MP: 4/15
  2978 | D:5      | Entered Level 5 of the Dungeon
  3062 | D:5      | Reached skill level 5 in Stealth
  3230 | D:5      | Learned a level 3 spell: Stone Arrow
  3363 | D:5      | Found a bloodstained altar of Trog.
  3474 | D:5      | Reached XP level 8. HP: 58/58 MP: 14/16
  3785 | D:6      | Noticed Blork the orc
  3791 | D:6      | Killed Blork the orc
  4095 | D:6      | Learned a level 4 spell: Olgreb's Toxic Radiance
  4266 | D:6      | Found a blossoming altar of Fedhas.
  4642 | D:6      | Found a shimmering blue altar of Sif Muna.
  4796 | D:7      | Noticed a yak
  4796 | D:7      | Noticed a yak
  4796 | D:7      | Noticed a yak
  4796 | D:7      | Noticed a yak
  4796 | D:7      | Noticed a yak
  4804 | D:7      | Killed a yak
  4808 | D:7      | Killed a yak
  4815 | D:7      | Killed a yak
  4821 | D:7      | Killed a yak
  4822 | D:7      | Reached XP level 9. HP: 65/65 MP: 1/18
  4977 | D:7      | Found a staircase to the Ecumenical Temple.
  4993 | Temple   | Entered the Ecumenical Temple
  5144 | Temple   | Became a worshipper of Vehumet
  5226 | D:7      | Noticed Joseph
  5237 | D:7      | Killed Joseph
  5324 | D:7      | Found an opulent altar of Gozag.
  5418 | D:7      | Reached skill level 5 in Invocations
  5626 | D:7      | Found an ornate altar of the Wu Jian Council.
  5732 | D:7      | Found a snail-covered altar of Cheibriados.
  6343 | D:8      | Reached * piety under Vehumet
  6343 | D:8      | Offered knowledge of Foxfire by Vehumet.
  6768 | D:8      | Reached skill level 5 in Fighting
  6768 | D:8      | Reached skill level 5 in Short Blades
  6768 | D:8      | Reached skill level 5 in Long Blades
  6768 | D:8      | Reached skill level 5 in Axes
  6768 | D:8      | Reached skill level 5 in Maces & Flails
  6768 | D:8      | Reached skill level 5 in Polearms
  6768 | D:8      | Reached skill level 5 in Staves
  6768 | D:8      | Reached skill level 5 in Ranged Weapons
  6768 | D:8      | Reached skill level 5 in Throwing
  6768 | D:8      | Reached skill level 5 in Armour
  6768 | D:8      | Reached skill level 5 in Shields
  6768 | D:8      | Reached skill level 5 in Unarmed Combat
  6768 | D:8      | Reached skill level 5 in Evocations
  6768 | D:8      | Reached XP level 10. HP: 74/74 MP: 15/20
  7179 | D:9      | Reached skill level 5 in Transmutations
  7397 | D:9      | Offered knowledge of Shock by Vehumet.
  7398 | D:9      | Reached ** piety under Vehumet
  7451 | D:9      | Found an iron altar of Okawaru.
  7586 | D:9      | Offered knowledge of Hailstorm by Vehumet.
  7595 | D:9      | Reached *** piety under Vehumet
  7668 | D:9      | Found a staircase to the Orcish Mines.
  7738 | D:9      | Identified the amulet "Vaqane" {Acrobat Stlth+}
  7762 | D:9      | Reached skill level 5 in Conjurations
  7762 | D:9      | Reached skill level 5 in Hexes
  7762 | D:9      | Reached skill level 5 in Summonings
  7762 | D:9      | Reached skill level 5 in Necromancy
  7762 | D:9      | Reached skill level 5 in Translocations
  7762 | D:9      | Reached skill level 5 in Fire Magic
  7762 | D:9      | Reached skill level 5 in Ice Magic
  7762 | D:9      | Reached skill level 5 in Air Magic
  7762 | D:9      | Reached skill level 5 in Poison Magic
  7766 | D:9      | Reached XP level 11. HP: 81/81 MP: 16/22
  7868 | D:9      | Noticed a two-headed ogre
  7873 | D:9      | Killed a two-headed ogre
  7888 | D:9      | Identified the +5 ring mail "Miong" {-Tele Fly rPois rC++}
  7965 | D:9      | Offered knowledge of Iskenderun's Mystic Blast by Vehumet.
  8286 | D:9      | Learned a level 4 spell: Iskenderun's Mystic Blast
  8287 | D:10     | Entered Level 10 of the Dungeon
  8347 | D:10     | Noticed Harold
  8359 | D:10     | Killed Harold
  8359 | D:10     | Reached **** piety under Vehumet
  8380 | D:10     | Noticed edwardauron's ghost (journeyman DrEE)
  8381 | D:10     | Offered knowledge of Volatile Blastmotes by Vehumet.
  8558 | D:10     | Noticed Fannar
  8569 | D:10     | Killed Fannar
  8707 | D:10     | Found a runed translucent door.
  8734 | D:10     | Noticed Maurice
  8742 | D:10     | Killed Maurice
  9051 | D:10     | Found a broken altar of Ashenzari.
  9051 | D:10     | Found a shimmering altar of Xom.
  9187 | D:10     | Found a staircase to the Lair.
  9515 | D:11     | Noticed a cyclops
  9520 | D:11     | Killed a cyclops
  9699 | D:11     | Found a transporter.
  9700 | D:11     | Noticed puppykicker's ghost (journeyman TeWr)
  9711 | D:11     | Noticed a two-headed ogre
  9712 | D:11     | Noticed a two-headed ogre
  9965 | D:11     | Noticed a two-headed ogre
 10036 | Lair:1   | Entered Level 1 of the Lair of Beasts
 10048 | Lair:1   | Identified a scroll of acquirement
 10063 | Lair:1   | Noticed a death yak
 10081 | Lair:1   | Found the +8 trident of the Octopus King {venom, rElec
                  | rPois}
 10102 | Lair:1   | Acquired 728 gold pieces
 10122 | Lair:1   | Learned a level 3 spell: Volatile Blastmotes
 10123 | Lair:1   | Noticed a death yak
 10126 | Lair:1   | Noticed a death yak
 10126 | Lair:1   | Noticed a death yak
 10128 | Lair:1   | Noticed a death yak
 10129 | Lair:1   | Killed a death yak
 10130 | Lair:1   | Reached XP level 12. HP: 91/91 MP: 6/24
 10137 | Lair:1   | Killed a death yak
 10147 | Lair:1   | Killed a death yak
 10155 | Lair:1   | Killed a death yak
 10159 | Lair:1   | Killed a death yak
 10159 | Lair:1   | Reached ***** piety under Vehumet
 10291 | Lair:1   | Offered knowledge of Yara's Violent Unravelling by Vehumet.
 10506 | Lair:1   | Found a runed translucent gate.
 10507 | Lair:1   | Found a runed translucent gate.
 10507 | Lair:1   | Noticed Ybiy's ghost (journeyman TrFi)
 10508 | Lair:1   | Found a runed translucent gate.
 10508 | Lair:1   | Noticed a nine-headed hydra
 11551 | Lair:2   | Found a staircase to the Snake Pit.
 12136 | Lair:3   | Reached XP level 13. HP: 91/98 MP: 15/26
 12251 | Lair:3   | Found a staircase to the Shoals.
 12524 | Lair:3   | Reached skill level 10 in Spellcasting
 12774 | Lair:3   | Found a runed translucent gate.
 12774 | Lair:3   | Found a runed translucent gate.
 12774 | Lair:3   | Found a runed translucent gate.
 12868 | Lair:3   | Noticed Jeffwins's ghost (journeyman OpWn)
 12868 | Lair:3   | Noticed GonguanaGonguana's ghost (journeyman MeEE)
 13135 | Lair:4   | Offered knowledge of Plasma Beam by Vehumet.
 13261 | Lair:4   | Reached skill level 10 in Dodging
 13347 | Lair:4   | HP: 4/100 [cane toad (12)]
 13364 | Lair:4   | Reached skill level 10 in Stealth
 13539 | Lair:4   | Found a staircase to the Slime Pits.
 13685 | Lair:4   | Reached skill level 10 in Invocations
 13685 | Lair:4   | Reached XP level 14. HP: 79/108 MP: 12/28
 14249 | Lair:5   | Entered Level 5 of the Lair of Beasts
 14485 | Lair:5   | Offered knowledge of Ozocubu's Refrigeration by Vehumet.
 14756 | Lair:5   | Noticed a dire elephant
 14766 | Lair:5   | Killed a dire elephant
 15653 | Lair:5   | Offered knowledge of Arcjolt by Vehumet.
 15654 | Lair:5   | Reached skill level 10 in Earth Magic
 15660 | Lair:5   | Learned a level 5 spell: Arcjolt
 15909 | Lair:5   | Noticed a dire elephant
 15924 | Lair:5   | Reached skill level 10 in Fighting
 15924 | Lair:5   | Reached skill level 10 in Short Blades
 15924 | Lair:5   | Reached skill level 10 in Long Blades
 15924 | Lair:5   | Reached skill level 10 in Axes
 15924 | Lair:5   | Reached skill level 10 in Maces & Flails
 15924 | Lair:5   | Reached skill level 10 in Polearms
 15924 | Lair:5   | Reached skill level 10 in Staves
 15924 | Lair:5   | Reached skill level 10 in Ranged Weapons
 15924 | Lair:5   | Reached skill level 10 in Throwing
 15924 | Lair:5   | Reached skill level 10 in Armour
 15924 | Lair:5   | Reached skill level 10 in Shields
 15924 | Lair:5   | Reached skill level 10 in Unarmed Combat
 15924 | Lair:5   | Reached skill level 10 in Evocations
 16036 | Lair:5   | Killed a dire elephant
 16095 | Lair:5   | Reached XP level 15. HP: 112/115 MP: 16/30
 16919 | Orc:1    | Entered Level 1 of the Orcish Mines
 17151 | Orc:1    | Offered knowledge of Starburst by Vehumet.
 17433 | Orc:2    | Entered Level 2 of the Orcish Mines
 17730 | Orc:2    | Found a staircase to the Elven Halls.
 17731 | Orc:2    | Found Heikk's General Store.
 17907 | Orc:2    | Noticed Snorg
 17915 | Orc:2    | Killed Snorg
 18781 | Orc:2    | Found Niwnadwogi's Weapon Shop.
 18783 | Orc:2    | Found Xyxzo's Weapon Shop.
 18787 | Orc:2    | Found Ulam's Assorted Antiques.
 18796 | Orc:2    | Found Jutenaff's Magic Scroll Boutique.
 18805 | Orc:2    | Offered knowledge of Freezing Cloud by Vehumet.
 18805 | Orc:2    | Paralysed by an ogre mage for 5 turns
 18816 | Orc:2    | Learned a level 5 spell: Freezing Cloud
 18872 | Orc:2    | Bought a pair of ichor-stained gloves for 313 gold pieces
 18872 | Orc:2    | Identified the +5 pair of gloves "Ufym" {Int-3 Dex+5} (You
                  | bought it in a shop on level 2 of the Orcish Mines)
 18887 | Orc:2    | Bought a scroll of teleportation for 51 gold pieces
 18887 | Orc:2    | Bought a scroll of magic mapping for 127 gold pieces
 18887 | Orc:2    | Bought 2 scrolls of summoning for 323 gold pieces
 18887 | Orc:2    | Bought a scroll of identify for 34 gold pieces
 18887 | Orc:2    | Bought a scroll of teleportation for 51 gold pieces
 18887 | Orc:2    | Bought a scroll of amnesia for 68 gold pieces
 18887 | Orc:2    | Bought a scroll of poison for 68 gold pieces
 19591 | D:11     | Found a transporter.
 19685 | D:10     | Killed edwardauron's ghost
 19808 | D:12     | Found the +5 Storm Queen's Shield {shock, Fly rElec}
 20553 | D:12     | Found the sphere of Battle
 20723 | D:13     | Paralysed by an ogre mage for 4 turns
 20729 | D:13     | Reached XP level 16. HP: 40/124 MP: 26/32
 20882 | D:13     | Found a gate leading to a gauntlet.
 20892 | Gauntlet | Entered a Gauntlet
 20892 | Gauntlet | Found a transporter.
 20892 | Gauntlet | Found a transporter.
 20897 | Gauntlet | Found a transporter.
 20912 | Gauntlet | Found a transporter.
 20957 | Gauntlet | Found a transporter.
 20977 | Gauntlet | Found a transporter.
 20993 | Gauntlet | Found a transporter.
 21015 | Gauntlet | Found a transporter.
 21143 | Gauntlet | Found a transporter.
 21159 | Gauntlet | Found a transporter.
 21179 | Gauntlet | Found a transporter.
 21196 | Gauntlet | Found a transporter.
 21198 | Gauntlet | Found a large runed translucent door.
 21198 | Gauntlet | Found a large runed translucent door.
 21199 | Gauntlet | Found a large runed translucent door.
 21199 | Gauntlet | Found a large runed translucent door.
 21200 | Gauntlet | Found a large runed translucent door.
 21200 | Gauntlet | Found a large runed translucent door.
 21200 | Gauntlet | Found a runed translucent door.
 21200 | Gauntlet | Found a runed translucent door.
 21201 | Gauntlet | Found a large runed translucent door.
 21201 | Gauntlet | Found a large runed translucent door.
 21202 | Gauntlet | Found a large runed translucent door.
 21203 | Gauntlet | Found a large runed translucent door.
 21209 | Gauntlet | Found a large runed translucent door.
 21209 | Gauntlet | Found a large runed translucent door.
 21210 | Gauntlet | Found a large runed translucent door.
 21210 | Gauntlet | Found a large runed translucent door.
 21210 | Gauntlet | Found a large runed translucent door.
 21210 | Gauntlet | Found a large runed translucent door.
 21215 | Gauntlet | Found a runed translucent gate.
 21215 | Gauntlet | Found a runed translucent gate.
 21215 | Gauntlet | Found a runed translucent gate.
 21217 | Gauntlet | Found a transporter.
 21394 | Gauntlet | Identified the scarf "Uleux" {repulsion, -Tele Str+4 SInv}
 21403 | Gauntlet | Found a transporter.
 21459 | Gauntlet | Offered knowledge of Orb of Destruction by Vehumet.
 21467 | Gauntlet | Identified the -1 helmet "Ulas" {rF- Int+4 Dex+3}
 21512 | Gauntlet | Identified the amulet "Raptite" {Reflect Str+2 Int-2 Dex+4
                  | Slay+2 SH+5}
 21825 | D:13     | Acquired the Handbook of Noxious Orogeny
 22114 | D:13     | Found a glowing silver altar of Zin.
 22711 | D:14     | Found a gate to the Vaults.
 22807 | D:14     | Found a runed translucent gate.
 22807 | D:14     | Found a runed translucent gate.
 22807 | D:14     | Found a runed translucent gate.
 22807 | D:14     | Noticed Xanau's ghost (journeyman FoFi)
 24139 | D:14     | Upgraded the game from 0.31-a0-112-gdf0485fa37 to
                  | 0.31-a0-115-g4708a659fe
 24206 | D:15     | Entered Level 15 of the Dungeon
 24319 | D:14     | Learned a level 7 spell: Orb of Destruction
 24643 | D:15     | Reached skill level 10 in Transmutations
 25047 | D:15     | Noticed Kirke
 25054 | D:15     | Killed Kirke
 25295 | D:15     | Found a staircase to the Depths.
 25652 | Snake:1  | Entered Level 1 of the Snake Pit
 25709 | Snake:1  | Reached ****** piety under Vehumet
 25865 | Snake:1  | Noticed Monarks's ghost (adept AtMo)
 25876 | Snake:1  | Found a transporter.
 25901 | Snake:1  | Found a transporter.
 25970 | Snake:1  | Offered knowledge of Fire Storm by Vehumet.
 25970 | Snake:1  | Offered knowledge of Chain Lightning by Vehumet.
 25970 | Snake:1  | Offered knowledge of Ignition by Vehumet.
 26119 | Snake:1  | Reached XP level 17. HP: 130/133 MP: 23/33
 26842 | Snake:1  | Reached skill level 10 in Conjurations
 26842 | Snake:1  | Reached skill level 10 in Hexes
 26842 | Snake:1  | Reached skill level 10 in Summonings
 26842 | Snake:1  | Reached skill level 10 in Necromancy
 26842 | Snake:1  | Reached skill level 10 in Translocations
 26842 | Snake:1  | Reached skill level 10 in Fire Magic
 26842 | Snake:1  | Reached skill level 10 in Ice Magic
 26842 | Snake:1  | Reached skill level 10 in Air Magic
 26842 | Snake:1  | Reached skill level 10 in Poison Magic
 27942 | Snake:2  | Found Kecom's Weapon Emporium.
 28925 | Snake:3  | Noticed Mara
 28927 | Snake:3  | Noticed Mara
 28931 | Snake:3  | Noticed Mara
 29077 | Snake:3  | Killed Mara
 29459 | Snake:4  | Entered Level 4 of the Snake Pit
 30083 | Snake:4  | Found a runed translucent door.
 30083 | Snake:4  | Noticed sirJeffrey23's ghost (adept GrFi)
 30272 | Snake:3  | Killed sirJeffrey23's ghost
 30663 | Snake:4  | Reached XP level 18. HP: 56/141 MP: 5/35
 30681 | Snake:4  | Killed from afar by a salamander tyrant

Illustrated notes

Levels and vault maps discovered:
D:1:      sevenhm_arrival_forest_fort_small_5, layout_basic,
          hangedman_decor_clover_reticule, minmay_misc_feat_square,
          serial_bayou_pond_c, fountainhead
D:2:      layout_rooms, basic_altar, minmay_misc_feat_tower,
          nicolae_shop_unique_rings, kennysheep_nub, nicolae_underground_beach
D:3:      layout_basic, nicolae_overflow_squiral, nicolae_figureground_sparkle,
          uniq_sigmund, uniq_robin
D:4:      layout_rooms, serial_shops, nicolae_shop_bloodbath_and_beyond,
          uniq_menkaure
D:5:      layout_loops_ring, trog_three_pillars_becter
D:6:      layout_layer_cave, lemuel_blue_sif_altar, lemuel_crystal_altar,
          uniq_blork_the_orc
D:7:      layout_gridville, mainiacjoe_overflow_tiny_flanked, marbit_many_paths,
          nzn_wu_jian_council_hall, temple_pool_b, uniq_joseph
D:8:      layout_layer_cave
D:9:      layout_roguey [special_room_orc], okawaru_humans, david_orc_5,
          corexii_leaking_fountain
D:10:     layout_cave_pools, gammafunk_temple_overflow_wave, lair_entry_dummy,
          hellmonk_ghost_happy_afterlife, hangedman_decor_opposing,
          hangedman_weighted_door, uniq_harold, uniq_fannar, uniq_maurice
D:11:     layout_long_grid, gammafunk_ghost_smash
D:12:     minmay_curly_fans, layout_basic,
          hellmonk_guarded_unrand_sphere_of_battle
D:13:     minmay_bubble_buster, layout_stronghold, gauntlet_entry_generic,
          zin_angel
D:14:     minmay_blocking_statues, layout_basic, serial_corexii_hall,
          chequers_hall_statues_wall_a, corexii_hall_statues_i,
          gammafunk_ghost_spectres, serial_bayou_lake_a
D:15:     gammafunk_enter_depths_forms, layout_gridville, uniq_kirke
Temple:   bh_familiar_temple
Lair:1:   layout_cellular_growth, gammafunk_ghost_hydra_chop,
          lemuel_fruit_fields
Lair:2:   layout_small_grid, dummy_snake_entry, beast_lair_carwin_2
Lair:3:   layout_regular_city, elwin_shoals_entry_stream,
          gammafunk_ghost_cemetery, nicolae_quartered_pool_impasse
Lair:4:   layout_small_grid, slime_entry_1, serial_bayou_shore_a,
          grunt_megastairs_3
Lair:5:   hangedman_lair_in_review, layout_cave_pods,
          nicolae_lair_lakeside_cave, lemuel_fruit_tree
Snake:1:  layout_gridlike, gammafunk_ghost_berserking_beasts, st_stairs_9
Snake:2:  layout_gridlike, serial_shops, nicolae_shop_tiny_real_fake_doors
Snake:3:  layout_grid_shapes, uniq_mara
Snake:4:  snake_pit, layout_basic, gammafunk_ghost_grave
Orc:1:    nicolae_orc_accident_1, layout_diamond_mine
Orc:2:    st_orc_open, layout_caves, serial_shops, shop, nicolae_orc_bridge_out,
          uniq_snorg

Skill      XL: |  1  2  3  4  5  6  7  8  9 10 11 12 13 14 15 16 17 |
---------------+----------------------------------------------------+-----
Transmutations | 2 3 4 5 6 7 8 9 10 | 10.8
Spellcasting   | 5 6 7 8 9 10 11 12 13 | 13.4
Invocations    | 1 2 3 4 5 6 7 8 10 11 12 13 | 13.5
Fighting       | 1 2 3 4 5 6 7 8 9 10 11 12 | 12.5
Short Blades   | 1 2 3 4 5 6 7 8 9 10 11 12 | 12.5
Long Blades    | 1 2 3 4 5 6 7 8 9 10 11 12 | 12.5
Axes           | 1 2 3 4 5 6 7 8 9 10 11 12 | 12.5
Maces & Flails | 1 2 3 4 5 6 7 8 9 10 11 12 | 12.5
Polearms       | 1 2 3 4 5 6 7 8 9 10 11 12 | 12.5
Staves         | 1 2 3 4 5 6 7 8 9 10 11 12 | 12.5
Ranged Weapons | 1 2 3 4 5 6 7 8 9 10 11 12 | 12.5
Throwing       | 1 2 3 4 5 6 7 8 9 10 11 12 | 12.5
Armour         | 1 2 3 4 5 6 7 8 9 10 11 12 | 12.5
Shields        | 1 2 3 4 5 6 7 8 9 10 11 12 | 12.5
Unarmed Combat | 1 2 3 4 5 6 7 8 9 10 11 12 | 12.5
Evocations     | 1 2 3 4 5 6 7 8 9 10 11 12 | 12.5
Conjurations   | 1 2 3 4 5 6 7 8 9 10 | 10.6
Hexes          | 1 2 3 4 5 6 7 8 9 10 | 10.6
Summonings     | 1 2 3 4 5 6 7 8 9 10 | 10.6
Necromancy     | 1 2 3 4 5 6 7 8 9 10 | 10.6
Translocations | 1 2 3 4 5 6 7 8 9 10 | 10.6
Fire Magic     | 1 2 3 4 5 6 7 8 9 10 | 10.6
Ice Magic      | 1 2 3 4 5 6 7 8 9 10 | 10.6
Air Magic      | 1 2 3 4 5 6 7 8 9 10 | 10.6
Poison Magic   | 1 2 3 4 5 6 7 8 9 10 | 10.6
Dodging        | 5 6 7 8 9 10 11 12 13 | 13.3
Stealth        | 5 6 7 8 9 10 11 12 13 | 13.1
Earth Magic    | 6 7 8 9 10 11 | 11.9

Action                     |  1- 3 |  4- 6 |  7- 9 | 10-12 | 13-15 | 16-18 || total
---------------------------+-------+-------+-------+-------+-------+-------++-------
  Melee: Short sword       |       |       |    24 |    13 |       |       ||    37
         Bite              |       |       |     1 |     5 |    30 |    33 ||    69
         Punch             |       |       |     1 |     2 |    11 |       ||    14
         Trident           |       |       |       |    28 |   198 |   194 ||   420
   Cast: Sandblast         |    37 |    57 |   145 |   392 |   496 |   210 ||  1337
         Stone Arrow       |       |       |       |    28 |    51 |   141 ||   220
         Olgreb's Toxic Ra |       |       |       |    13 |   189 |    45 ||   247
         Volatile Blastmot |       |       |       |     3 |     5 |       ||     8
         Iskenderun's Myst |       |       |       |     1 |       |       ||     1
         Arcjolt           |       |       |       |       |     6 |    12 ||    18
         Freezing Cloud    |       |       |       |       |       |   136 ||   136
    Use: Scroll            |       |    10 |     7 |    11 |    10 |    10 ||    48
         Potion            |       |       |     1 |     3 |     3 |     7 ||    14
   Stab: Petrified         |       |       |       |       |    11 |       ||    11
         Petrifying        |       |       |       |       |     1 |       ||     1
         Sleeping          |       |       |       |       |       |     1 ||     1
 Armour: Robe              |     1 |     4 |       |       |       |       ||     5
         Ring mail         |       |    14 |    40 |   172 |   379 |   156 ||   761
  Dodge: Dodged            |     9 |    19 |    57 |   220 |   482 |   246 ||  1033

Table legend: (Time is in decaauts)
 A = Elapsed time spent in this place.
 B = Non-inter-level travel time spent in this place.
 C = Inter-level travel time spent in this place.
 D = Time resting spent in this place.
 E = Time spent auto-exploring this place.
 F = Levels seen in this place.
 G = Mean time per level.
                   A        B        C        D        E       F      G
               +--------+--------+--------+--------+--------+-----+--------+
         Total |  31418 |  29617 |   1801 |   1925 |  21156 |  28 | 1122.1 |
       Dungeon |  15623 |  14714 |    909 |    441 |  11564 |  15 | 1041.5 |
        Temple |    214 |    153 |     61 |      0 |    139 |   1 |  214.0 |
          Lair |   7075 |   6618 |    457 |    236 |   4877 |   5 | 1415.0 |
     Snake Pit |   5097 |   4875 |    222 |    414 |   3299 |   4 | 1274.2 |
  Orcish Mines |   2673 |   2523 |    150 |    708 |   1277 |   2 | 1336.5 |
      Gauntlet |    733 |    733 |      0 |    126 |      0 |   1 |  733.0 |
               +--------+--------+--------+--------+--------+-----+--------+

Top non-repeatable levels by time:
  Lair:5: 2615 daAuts
 Snake:1: 2042 daAuts
    D:14: 1989 daAuts
   Orc:2: 1647 daAuts
     D:9: 1423 daAuts
  Lair:4: 1321 daAuts
     D:8: 1263 daAuts
  Lair:3: 1177 daAuts
    D:10: 1145 daAuts
    D:15: 1137 daAuts
 Snake:4: 1098 daAuts
    D:13: 1057 daAuts
   Orc:1: 1026 daAuts
  Lair:1: 1022 daAuts
 Snake:3: 1012 daAuts
